 Dungeon Crawl Stone Soup version 0.29.0-4-gdea44cf6ec (webtiles) character file.

Game seed: 14196796899309625162

64929 qw the Severer (level 15, -2/92 HPs)
             Began as a Tengu Warper on Aug 28, 2022.
             Was an Elder of Okawaru.
             Slain by a vault guard
             ... wielding a +0 great mace
              (13 damage)
             ... on level 13 of the Dungeon.
             The game lasted 00:02:38 (21146 turns).

qw the Severer (Tengu Warper)                      Turns: 21146, Time: 00:02:38

Health: -2/92      AC: 37    Str: 21    XL:     15   Next: 14%
Magic:  23/23      EV: 17    Int: 16    God:    Okawaru [****..]
Gold:   1270       SH: 13    Dex: 20    Spells: 18/18 levels left

rFire   + . .      SeeInvis .   g - +3 broad axe
rCold   + . .      Faith    .   q - +0 buckler
rNeg    . . .      Spirit   .   a - +17 plate armour of Xamiprec {Int+2}
rPois   +          Reflect  +   (helmet restricted)
rElec   .          Harm     .   n - scarf {rC+ rF+}
rCorr   .          Rampage  .   v - +2 pair of gloves {Str+3}
Will    +....                   (boots unavailable)
Stlth   ..........              j - amulet of reflection
HPRegen 0.25/turn               s - +6 ring of dexterity
MPRegen 0.18/turn               k - ring of poison resistance

@: heroic, flying quickly and evasively, quick
A: beak, talons 3, nimble flight
a: Renounce Religion, Heroism, Finesse


You were on level 13 of the Dungeon.
You worshipped Okawaru.
Okawaru was greatly pleased with you.
You visited 3 branches of the dungeon, and saw 19 of its levels.

You collected 1570 gold pieces.
You spent 300 gold pieces at shops.


Innate Abilities, Weirdness & Mutations

You have a beak for a mouth.
You have claws for feet.
Your magical nature lets you fly swiftly and evasively.


   Skills:
 - Level 10.0(15.0) Fighting
 - Level 18.0(23.0) Axes
 - Level 5.9(10.9) Throwing
 - Level 10.0(15.0) Armour
 - Level 9.1(14.1) Dodging
 + Level 6.7(11.7) Shields
 - Level 2.0 Spellcasting
 - Level 2.4 Translocations
 - Level 10.0 Invocations


You had 18 spell levels left.
You didn't know any spells.
Your spell library contained the following spells:

 Spells                   Type           Power      Damage    Failure   Level
 Blink                    Tloc           18%        N/A       82%         2
 Gell's Gravitas          Tloc           9%         N/A       96%         3
 Lesser Beckoning         Tloc           9%         N/A       96%         3
 Teleport Other           Tloc           9%         N/A       96%         3
 Manifold Assault         Tloc           9%         N/A       100%        5

Inventory:

Hand Weapons
 d - a +0 morningstar
 g - a +3 broad axe (weapon)
Missiles
 h - a boomerang (quivered)
Armour
 a - the +17 plate armour of Xamiprec (worn) {Int+2}
   (You acquired it on level 3 of the Dungeon)

   Int:       It affects your intelligence (+2).
 n - a scarf of resistance (worn)
 o - the +5 pair of gloves of Lies {Harm rC- MP+9 Int+3}
   (Okawaru gifted it to you on level 4 of the Lair of Beasts)

   Int:       It affects your intelligence (+3).
   rC:        It makes you vulnerable to cold.
   MP:        It affects your magic capacity (+9).
   Harm:      It increases damage dealt and taken.
 q - a +0 buckler (worn)
 r - a +0 cloak
 v - a +2 pair of gloves of strength (worn)
Jewellery
 j - an amulet of reflection (around neck)
 k - a ring of poison resistance (right hand)
 p - a ring of poison resistance
 s - a +6 ring of dexterity (left hand)
 Y - a ring of positive energy
Scrolls
 b - 12 scrolls of identify
 l - a scroll of enchant armour
Potions
 c - 3 potions of mutation
 e - a potion of might
 f - 7 potions of curing
 i - 3 potions of resistance
 u - a potion of magic
 w - a potion of cancellation

Dungeon Overview and Level Annotations

Branches:
Dungeon (13/15)            Temple (1/1) D:6            Lair (5/5) D:11
  Swamp (0/4) Lair:3        Snake (0/4) Lair:3        Slime (0/5) Lair:5
    Orc (0/2) D:10
 Vaults: D:13-14

Altars:
Ashenzari
Cheibriados
Dithmenos
Elyvilon
Fedhas
Gozag
Hepliaklqana
Kikubaaqudgha
Makhleb
Nemelex Xobeh
Okawaru
Qazlal
Ru
Sif Muna
Trog
Uskayaw
Vehumet
Wu Jian
Xom
Yredelemnul
Zin
The Shining One

Shops:
D:5 !   D:8 [

Annotations:
D:5 1 runed translucent door
D:8 2 transporters
Lair:5 1 runed translucent door


Message History

You slash the orc warrior!
You kill the orc warrior!
Okawaru accepts your kill.
You closely miss the orc knight. Your kick misses the orc knight.
The orc knight is severely wounded.
The orc knight completely misses you.
You completely miss the orc knight. You claw the orc knight.
The orc knight is severely wounded.
You completely miss the vault guard.
The vault guard hits you but does no damage.
The orc knight hits you with a +0 battleaxe!
You closely miss the orc knight. You claw the orc knight.
The orc knight is almost dead.
You barely miss the vault guard. You slash the orc knight!
Your kick misses the orc knight.
You peck the orc knight, but do no damage.
The orc knight is almost dead.
You closely miss the vault guard. You block the vault guard's attack.
You block the orc knight's attack.
You hit the orc knight.
You claw the orc knight, but do no damage.
You peck the orc knight, but do no damage.
The orc knight is almost dead.
You hit the vault guard.
The vault guard hits you but does no damage.
The orc sorcerer gestures wildly while chanting.
The orc knight hits you but does no damage.
You slash the orc knight!
You kill the orc knight!
Okawaru accepts your kill.
You hit the vault guard but do no damage.
The vault guard closely misses you.
You slash the vault guard! Your peck misses the vault guard.
The vault guard is moderately wounded.
The orc sorcerer no longer looks unusually strong.
You barely miss the vault guard. You claw the vault guard.
The vault guard is moderately wounded.
You slash the smoke demon!
The vault guard hits you with a +0 great mace!
You die...

J#.#..#
(#.#..#
........# .##
.#.#..#
)......###...
.#.#..#
#...........#
#)#...#
+...).......#
#$#...#
#...........#
#.#...#
#...........#
#.#...#
#...........#
#.#...#
#@)...#
#.#...#
#oop3#####
..#....
....###.#
###..#.. ..
#'# ... ...
.... .....


You could see a vault guard, a smoke demon (summoned), an orc sorcerer and an
orc priest.

Vanquished Creatures
  Rupert (Lair:4)
  A fire dragon (Lair:5)
  2 vault guards (D:13)
  9 hydras
  Harold (Lair:1)
  5 boulder beetles
  A centaur warrior (D:13)
  3 two-headed ogres
  A catoblepas (Lair:5)
  3 death yaks (Lair:2)
  5 skeletal warriors (D:12)
  A swamp dragon (Lair:5)
  2 bog bodies (Lair:3)
  An orc knight (D:13)
  Pikel (D:9)
  3 ugly things
  2 manticores
  10 elephants (Lair:5)
  4 cyclopes
  5 black mambas
  Joseph (D:8)
  A gargoyle (D:10)
  8 cane toads
  4 rime drakes
  5 komodo dragons
  9 polar bears (Lair:5)
  A tengu conjurer (D:13)
  3 trolls
  5 raiju (Lair:5)
  4 hornets
  4 blink frogs (Lair:1)
  5 slime creatures
  13 dream sheep
  Sigmund (D:2)
  32 yaks
  A vampire (D:10)
  4 wyverns
  A wraith (D:12)
  Eustachio (D:6)
  2 basilisks
  6 vampire mosquitoes
  3 steam dragons
  3 nagas (Lair:3)
  6 wargs
  12 hell hounds (Lair:5)
  13 water moccasins
  9 acid dragons
  3 sky beasts
  12 black bears
  4 orc warriors
  6 centaurs
  39 wolves
  2 lemures (D:9)
  4 ogres
  3 kobold brigands
  7 bullfrogs
  A necrophage (D:4)
  5 scorpions
  2 gnoll sergeants
  10 killer bees
  5 howler monkeys
  5 electric eels
  4 crimson imps (D:8)
  2 hounds (D:7)
  8 orc priests
  A gnoll bouda (D:9)
  4 iguanas
  4 orc wizards
  5 hell rats (Lair:5)
  22 gnolls
  8 adders
  A shadow imp (D:7)
  3 white imps
  2 dart slugs
  27 orcs
  11 ball pythons
  3 bats
  2 endoplasms
  A giant cockroach (D:1)
  9 goblins
  12 hobgoblins
  A frilled lizard (D:3)
  A jackal zombie (D:5)
  17 kobolds
  A kobold zombie (D:5)
  4 rats
479 creatures vanquished.

Vanquished Creatures (others)
  Sonja (Lair:2)
  An orc priest (D:8)
  An orc (D:8)
  9 fungi
  36 plants
48 creatures vanquished.

Grand Total: 527 creatures vanquished

Notes
Turn   | Place    | Note
-------+----------+-------------------------------------------
     0 | D:1      | qw the Tengu Warper began the quest for the Orb.
     0 | D:1      | Reached XP level 1. HP: 12/12 MP: 4/4
     0 | D:1      | 0 ||| qw: Version: 0.1-a-89-g26bdef1
     0 | D:1      | 0 ||| qw: Game counter: 1068
     0 | D:1      | 0 ||| qw: Always use a shield: true
     0 | D:1      | 0 ||| qw: God list: Okawaru
     0 | D:1      | 0 ||| qw: Allow faded altars: false
     0 | D:1      | 0 ||| qw: Do Orc after D:15 true
     0 | D:1      | 0 ||| qw: Do second Lair branch before Depths: true
     0 | D:1      | 0 ||| qw: Lair rune preference: random
     0 | D:1      | 0 ||| qw: Plans: Normal
     0 | D:1      | 0 ||| PLANNING D:1-11
   406 | D:1      | Reached XP level 2. HP: 16/17 MP: 6/6
   540 | D:1      | Reached skill level 3 in Axes
   649 | D:1      | 649 ||| UPGRADING to +1 pair of gloves.
   654 | D:1      | 654 ||| UPGRADING to +0 chain mail.
   664 | D:1      | 664 ||| DROPPING +0 leather armour.
   665 | D:1      | 665 ||| READING 2 scrolls labelled PAVU UNGAP.
   666 | D:1      | 666 ||| DRINKING 2 brown potions.
   667 | D:1      | 667 ||| DROPPING scroll of immolation.
   668 | D:1      | 668 ||| DROPPING scroll of blinking.
   797 | D:2      | 797 ||| SWAPPING to +0 war axe.
   798 | D:2      | 798 ||| DROPPING +0 hand axe.
  1034 | D:2      | Reached XP level 3. HP: 20/21 MP: 7/7
  1057 | D:2      | Noticed Sigmund
  1058 | D:2      | 1058 ||| Stepping ~*~*~tactically~*~*~ (hiding).
  1066 | D:2      | Killed Sigmund
  1067 | D:2      | Reached skill level 6 in Axes
  1067 | D:2      | Reached XP level 4. HP: 16/26 MP: 8/8
  1067 | D:2      | Gained mutation: Your magical nature lets you fly swiftly
                  | and evasively. [Tengu growth]
  1067 | D:2      | Reached XP level 5. HP: 18/30 MP: 9/9
  1282 | D:2      | Identified the +11 chain mail of Sunlight {*Slow Int+3
                  | Slay+3}
  1400 | D:2      | 1400 ||| Stepping ~*~*~tactically~*~*~ (hiding).
  1589 | D:2      | 1589 ||| UPGRADING to +11 chain mail of Sunlight {*Slow
                  | Int+3 Slay+3}.
  1599 | D:2      | 1599 ||| DROPPING +0 chain mail.
  1600 | D:2      | 1600 ||| DROPPING +6 ring of intelligence.
  1601 | D:2      | 1601 ||| READING scroll labelled YZYGAMP USENU.
  1602 | D:2      | 1602 ||| READING scroll labelled NIAPUL WUSI.
  1603 | D:2      | 1603 ||| READING scroll labelled GUMNIDW RAVETZUW.
  1604 | D:2      | 1604 ||| READING 2 scrolls labelled YCRITA SEIDO.
  1605 | D:2      | 1605 ||| READING 2 scrolls labelled ASUHYU KIXZAU.
  1738 | D:2      | 1738 ||| DRINKING 2 glowing sapphire potions.
  1739 | D:2      | 1739 ||| DROPPING scroll of amnesia.
  1740 | D:2      | 1740 ||| DROPPING scroll of torment.
  2085 | D:3      | Found an ornate altar of the Wu Jian Council.
  2171 | D:3      | Found a faded altar of an unknown god.
  2202 | D:3      | Reached XP level 6. HP: 35/35 MP: 10/10
  2218 | D:3      | 2218 ||| READING scroll of enchant weapon.
  2218 | D:3      | 2218 ||| ENCHANTING +1 war axe.
  2596 | D:3      | 2596 ||| UPGRADING to ring of positive energy.
  2597 | D:3      | 2597 ||| READING scroll labelled DILIEPSEAZO.
  2597 | D:3      | Identified a scroll of acquirement
  2597 | D:3      | 2597 ||| ACQUIRING +17 plate armour of Xamiprec {Int+2}
  2597 | D:3      | Acquired the +17 plate armour of Xamiprec {Int+2}
  2599 | D:3      | 2599 ||| UPGRADING to +17 plate armour of Xamiprec {Int+2}.
  2609 | D:3      | 2609 ||| DROPPING +11 chain mail of Sunlight {*Slow Int+3
                  | Slay+3}.
  2610 | D:3      | 2610 ||| READING scroll labelled BEYCAI ZOMUNGO.
  2611 | D:3      | 2611 ||| DRINKING 2 glowing dark potions.
  2612 | D:3      | 2612 ||| DRINKING 2 silvery potions.
  2613 | D:3      | 2613 ||| READING 3 scrolls of identify.
  2613 | D:3      | 2613 ||| IDENTIFYING fuming cyan potion
  2614 | D:3      | 2614 ||| DROPPING potion of degeneration.
  2615 | D:3      | 2615 ||| DROPPING potion of attraction.
  2734 | D:4      | Reached skill level 3 in Armour
  2908 | D:4      | Reached skill level 7 in Axes
  3011 | D:4      | Reached skill level 3 in Fighting
  3011 | D:4      | Reached XP level 7. HP: 41/41 MP: 11/11
  3110 | D:4      | 3110 ||| Stepping ~*~*~tactically~*~*~ (hiding).
  3234 | D:4      | Found a burning altar of Makhleb.
  3252 | D:4      | 3252 ||| Stepping ~*~*~tactically~*~*~ (stealth).
  3254 | D:4      | 3254 ||| Stepping ~*~*~tactically~*~*~ (stealth).
  3298 | D:4      | HP: 10/41 [orc/+0 club (1)]
  3299 | D:4      | 3299 ||| DRINKING potion of heal wounds.
  3532 | D:4      | 3532 ||| READING 2 scrolls of identify.
  3532 | D:4      | 3532 ||| IDENTIFYING fizzy silvery potion
  3554 | D:5      | Entered Level 5 of the Dungeon
  3554 | D:5      | Found Nearef's Distillery.
  3558 | D:5      | 3558 ||| BUYING potion of heal wounds (70 gold).
  3558 | D:5      | Bought a potion of heal wounds for 70 gold pieces
  3558 | D:5      | 3558 ||| BUYING potion of resistance (140 gold).
  3558 | D:5      | Bought a potion of resistance for 140 gold pieces
  3642 | D:5      | Reached skill level 8 in Axes
  3683 | D:5      | 3683 ||| FLEEEEING.
  3684 | D:5      | 3684 ||| FLEEEEING.
  3698 | D:5      | 3698 ||| FLEEEEING.
  3710 | D:5      | Reached XP level 8. HP: 32/46 MP: 12/12
  3819 | D:5      | 3819 ||| READING scroll of enchant armour.
  3819 | D:5      | 3819 ||| ENCHANTING +1 pair of gloves.
  3826 | D:5      | 3826 ||| DROPPING +0 mace.
  3916 | D:5      | Found a hide-covered altar of Uskayaw.
  3963 | D:5      | Found a stormy altar of Qazlal.
  4050 | D:5      | Identified the +2 pair of gloves "Cugix" {Str-4 Int+4
                  | Dex+2}
  4053 | D:5      | Found a runed translucent door.
  4108 | D:5      | 4108 ||| UPGRADING to scarf of resistance.
  4117 | D:5      | 4117 ||| DROPPING +2 pair of gloves "Cugix" {Str-4 Int+4
                  | Dex+2}.
  4119 | D:5      | Found a basalt altar of Yredelemnul.
  4152 | D:5      | Found a glowing silver altar of Zin.
  4153 | D:5      | Noticed an angel
  4273 | D:5      | 4273 ||| UPGRADING to amulet of reflection.
  4278 | D:5      | 4278 ||| READING scroll labelled CIKO YDUSCHO.
  4282 | D:5      | 4282 ||| DRINKING 2 murky black potions.
  4283 | D:5      | 4283 ||| READING 2 scrolls of identify.
  4283 | D:5      | 4283 ||| IDENTIFYING blue potion
  4284 | D:5      | 4284 ||| DROPPING potion of ambrosia.
  4285 | D:5      | 4285 ||| DROPPING potion of flight.
  4315 | D:6      | 4315 ||| DROPPING +0 flail.
  4339 | D:6      | Reached skill level 9 in Axes
  4418 | D:6      | Found a sparkling altar of Nemelex Xobeh.
  4459 | D:6      | Found a staircase to the Ecumenical Temple.
  4460 | D:6      | 4460 ||| PLANNING TEMPLE
  4460 | D:6      | 4460 ||| READING scroll labelled NYIRHO BUHET.
  4466 | D:6      | 4466 ||| Stepping ~*~*~tactically~*~*~ (hiding).
  4467 | D:6      | 4467 ||| Stepping ~*~*~tactically~*~*~ (hiding).
  4482 | D:6      | HP: 11/48 [poisoned by a water moccasin]
  4721 | Temple   | Entered the Ecumenical Temple
  4780 | Temple   | Became a worshipper of Warmaster Okawaru
  4806 | Temple   | 4806 ||| PLANNING D:1-11
  5251 | D:6      | Noticed Eustachio
  5267 | D:6      | Killed Eustachio
  5268 | D:6      | Reached skill level 10 in Axes
  5613 | D:6      | 5613 ||| UPGRADING to ring of poison resistance.
  5655 | D:7      | HP: 10/48 [iguana (5)]
  5656 | D:7      | 5656 ||| DRINKING potion of heal wounds.
  5880 | D:7      | Reached XP level 9. HP: 52/52 MP: 13/13
  5887 | D:7      | Reached * piety under Okawaru
  5941 | D:7      | 5941 ||| INVOKING Heroism.
  6025 | D:7      | Found Jakah's Antique Weapon Shoppe.
  6046 | D:7      | Reached skill level 1 in Invocations
  6072 | D:7      | Identified the +2 leather armour of Hadjma {Dex+2}
  6079 | D:7      | Found a sacrificial altar of Ru.
  6087 | D:7      | 6087 ||| INVOKING Heroism.
  6177 | D:7      | Noticed a two-headed ogre
  6178 | D:7      | 6178 ||| INVOKING Heroism.
  6187 | D:7      | Killed a two-headed ogre
  6187 | D:7      | Reached ** piety under Okawaru
  6188 | D:7      | Reached skill level 11 in Axes
  6188 | D:7      | Reached skill level 3 in Invocations
  6236 | D:7      | Found a broken altar of Ashenzari.
  6302 | D:7      | 6302 ||| Stepping ~*~*~tactically~*~*~ (hiding).
  6303 | D:7      | 6303 ||| Stepping ~*~*~tactically~*~*~ (hiding).
  6478 | D:7      | 6478 ||| INVOKING Heroism.
  6501 | D:7      | Found a shimmering blue altar of Sif Muna.
  6582 | D:7      | 6582 ||| Stepping ~*~*~tactically~*~*~ (hiding).
  6587 | D:7      | 6587 ||| INVOKING Heroism.
  6616 | D:7      | 6616 ||| READING scroll labelled SIZUEX ICUEXA.
  6617 | D:7      | 6617 ||| READING 5 scrolls of identify.
  6617 | D:7      | 6617 ||| IDENTIFYING lumpy golden potion
  6618 | D:7      | 6618 ||| READING 4 scrolls of identify.
  6618 | D:7      | 6618 ||| IDENTIFYING ruby potion
  6619 | D:7      | 6619 ||| DROPPING potion of lignification.
  6751 | D:8      | Noticed a hornet
  6761 | D:8      | Paralysed by a hornet for 1 turns
  6765 | D:8      | Killed a hornet
  6879 | D:8      | Found a transporter.
  6882 | D:8      | Found a transporter.
  6906 | D:8      | Found a radiant altar of Vehumet.
  6928 | D:8      | Found a shimmering altar of Xom.
  6929 | D:8      | 6929 ||| INVOKING Heroism.
  6940 | D:8      | Reached skill level 12 in Axes
  6986 | D:8      | Noticed Joseph
  6990 | D:8      | 6990 ||| INVOKING Heroism.
  6998 | D:8      | Killed Joseph
  6998 | D:8      | Reached *** piety under Okawaru
  6999 | D:8      | Reached skill level 6 in Armour
  6999 | D:8      | Reached XP level 10. HP: 41/59 MP: 11/14
  7102 | D:8      | 7102 ||| INVOKING Heroism.
  7121 | D:8      | Reached skill level 6 in Fighting
  7122 | D:8      | 7122 ||| FLEEEEING.
  7122 | D:8      | Found a bloodstained altar of Trog.
  7123 | D:8      | 7123 ||| INVOKING Heroism.
  7166 | D:8      | 7166 ||| Stepping ~*~*~tactically~*~*~ (stealth).
  7197 | D:8      | 7197 ||| INVOKING Heroism.
  7406 | D:8      | Reached skill level 3 in Dodging
  7452 | D:8      | Found Tumin's Armour Emporium.
  7457 | D:8      | 7457 ||| BUYING +0 buckler (45 gold).
  7457 | D:8      | Bought a +0 buckler for 45 gold pieces
  7457 | D:8      | 7457 ||| BUYING +0 cloak (45 gold).
  7457 | D:8      | Bought a +0 cloak for 45 gold pieces
  7717 | D:8      | 7717 ||| UPGRADING to +0 buckler.
  7722 | D:8      | 7722 ||| READING scroll labelled JUISALL QYUSK.
  7746 | D:9      | Noticed a two-headed ogre
  7747 | D:9      | 7747 ||| INVOKING Heroism.
  7755 | D:9      | Killed a two-headed ogre
  7756 | D:9      | Reached skill level 3 in Shields
  7866 | D:9      | Noticed a cyclops
  7867 | D:9      | 7867 ||| FLEEEEING.
  7883 | D:9      | 7883 ||| FLEEEEING.
  7884 | D:9      | 7884 ||| FLEEEEING.
  7885 | D:9      | 7885 ||| FLEEEEING.
  7889 | D:9      | 7889 ||| STAIRDANCE
  7973 | D:8      | 7973 ||| READING scroll labelled NOTEMALIUL.
  7976 | D:9      | 7976 ||| INVOKING Heroism.
  7983 | D:9      | Killed a cyclops
  7983 | D:9      | Reached **** piety under Okawaru
  8045 | D:9      | 8045 ||| STAIRDANCE
  8082 | D:9      | 8082 ||| INVOKING Heroism.
  8085 | D:9      | 8085 ||| Stepping ~*~*~tactically~*~*~ (hiding).
  8270 | D:9      | 8270 ||| Stepping ~*~*~tactically~*~*~ (stealth).
  8272 | D:9      | 8272 ||| Stepping ~*~*~tactically~*~*~ (stealth).
  8276 | D:9      | 8276 ||| INVOKING Heroism.
  8371 | D:9      | Noticed Pikel
  8372 | D:9      | 8372 ||| Stepping ~*~*~tactically~*~*~ (stealth).
  8374 | D:9      | 8374 ||| INVOKING Heroism.
  8388 | D:9      | Killed Pikel
  8515 | D:9      | 8515 ||| Stepping ~*~*~tactically~*~*~ (stealth).
  8724 | D:9      | Found a glowing golden altar of the Shining One.
  8725 | D:9      | 8725 ||| INVOKING Heroism.
  8731 | D:9      | Reached skill level 13 in Axes
  8903 | D:9      | Reached XP level 11. HP: 52/64 MP: 14/16
  8963 | D:9      | 8963 ||| DROPPING amulet of faith.
  8964 | D:9      | 8964 ||| DRINKING 2 dark potions.
  8965 | D:9      | 8965 ||| DROPPING potion of invisibility.
  8992 | D:10     | Entered Level 10 of the Dungeon
  8998 | D:10     | 8998 ||| SWAPPING to +0 broad axe.
  9007 | D:10     | 9007 ||| DROPPING +2 war axe.
  9043 | D:10     | 9043 ||| INVOKING Heroism.
  9050 | D:10     | Reached ***** piety under Okawaru
  9063 | D:10     | Found a staircase to the Orcish Mines.
  9095 | D:10     | 9095 ||| INVOKING Heroism.
  9106 | D:10     | HP: 10/64 [electric eel/bolt of electricity (8)]
  9107 | D:10     | 9107 ||| READING scroll of teleportation.
  9108 | D:10     | 9108 ||| DRINKING potion of heal wounds.
  9109 | D:10     | 9109 ||| INVOKING Heroism.
  9374 | D:10     | 9374 ||| Stepping ~*~*~tactically~*~*~ (hiding).
  9388 | D:10     | Reached skill level 6 in Invocations
  9453 | D:10     | 9453 ||| READING scroll of enchant weapon.
  9453 | D:10     | 9453 ||| ENCHANTING +0 broad axe.
  9459 | D:10     | Found a hazy altar of Hepliaklqana.
  9529 | D:10     | 9529 ||| INVOKING Heroism.
  9671 | D:10     | 9671 ||| INVOKING Heroism.
  9702 | D:10     | 9702 ||| INVOKING Heroism.
  9856 | D:10     | Found a snail-covered altar of Cheibriados.
  9859 | D:10     | 9859 ||| Stepping ~*~*~tactically~*~*~ (hiding).
  9866 | D:10     | 9866 ||| INVOKING Heroism.
  9918 | D:10     | 9918 ||| Stepping ~*~*~tactically~*~*~ (stealth).
  9919 | D:10     | 9919 ||| INVOKING Heroism.
  9962 | D:10     | 9962 ||| Stepping ~*~*~tactically~*~*~ (hiding).
  9967 | D:10     | 9967 ||| INVOKING Heroism.
 10016 | D:10     | Noticed a purple ugly thing
 10029 | D:10     | Killed a purple ugly thing
 10220 | D:10     | 10220 ||| INVOKING Heroism.
 10221 | D:10     | 10221 ||| Stepping ~*~*~tactically~*~*~ (stealth).
 10424 | D:10     | 10424 ||| DROPPING ring of magical power.
 10425 | D:10     | 10425 ||| READING scroll labelled QEDO GOATUUR.
 10443 | D:11     | 10443 ||| PLANNING GAUNTLET
 10448 | D:11     | Found a staircase to the Lair.
 10449 | D:11     | 10449 ||| Stepping ~*~*~tactically~*~*~ (hiding).
 10450 | D:11     | 10450 ||| Stepping ~*~*~tactically~*~*~ (hiding).
 10451 | D:11     | 10451 ||| Stepping ~*~*~tactically~*~*~ (hiding).
 10456 | D:11     | 10456 ||| INVOKING Heroism.
 10474 | D:11     | 10474 ||| Stepping ~*~*~tactically~*~*~ (stealth).
 10487 | D:11     | 10487 ||| INVOKING Heroism.
 10505 | D:11     | 10505 ||| Stepping ~*~*~tactically~*~*~ (stealth).
 10506 | D:11     | 10506 ||| Stepping ~*~*~tactically~*~*~ (stealth).
 10507 | D:11     | 10507 ||| Stepping ~*~*~tactically~*~*~ (stealth).
 10560 | D:11     | 10560 ||| FLEEEEING.
 10561 | D:11     | 10561 ||| STAIRDANCE
 10687 | D:11     | 10687 ||| FLEEEEING.
 10688 | D:11     | 10688 ||| FLEEEEING.
 10689 | D:11     | 10689 ||| FLEEEEING.
 10708 | D:11     | 10708 ||| Stepping ~*~*~tactically~*~*~ (stealth).
 10710 | D:11     | 10710 ||| Stepping ~*~*~tactically~*~*~ (hiding).
 10724 | D:11     | 10724 ||| INVOKING Heroism.
 10924 | D:11     | 10924 ||| RIP GAUNTLET
 10930 | D:11     | 10930 ||| PLANNING LAIR
 11006 | Lair:1   | Entered Level 1 of the Lair of Beasts
 11026 | Lair:1   | 11026 ||| INVOKING Heroism.
 11055 | Lair:1   | 11055 ||| INVOKING Heroism.
 11059 | Lair:1   | Identified the +7 battleaxe of Causality {elec, rCorr
                  | Str+4} (Okawaru gifted it to you on level 1 of the Lair of
                  | Beasts)
 11059 | Lair:1   | Received a gift from Okawaru
 11090 | Lair:1   | Reached skill level 14 in Axes
 11091 | Lair:1   | 11091 ||| INVOKING Heroism.
 11146 | Lair:1   | 11146 ||| INVOKING Heroism.
 11386 | Lair:1   | Noticed Harold
 11387 | Lair:1   | 11387 ||| INVOKING Heroism.
 11394 | Lair:1   | Killed Harold
 11594 | Lair:1   | 11594 ||| INVOKING Heroism.
 11597 | Lair:1   | Reached XP level 12. HP: 48/72 MP: 16/19
 11814 | Lair:1   | 11814 ||| Stepping ~*~*~tactically~*~*~ (stealth).
 11878 | Lair:1   | Identified the +1 scale mail "Bemiox" {Contam Rampage +Inv
                  | rN++} (Okawaru gifted it to you on level 1 of the Lair of
                  | Beasts)
 11878 | Lair:1   | Received a gift from Okawaru
 11939 | Lair:1   | 11939 ||| INVOKING Heroism.
 12492 | Lair:2   | 12492 ||| STAIRDANCE
 12501 | Lair:2   | 12501 ||| STAIRDANCE
 12517 | Lair:2   | 12517 ||| STAIRDANCE
 12586 | Lair:2   | Reached skill level 9 in Invocations
 12588 | Lair:2   | 12588 ||| INVOKING Heroism.
 12839 | Lair:2   | 12839 ||| DRINKING potion of cancellation.
 12865 | Lair:2   | 12865 ||| INVOKING Heroism.
 13093 | Lair:2   | Noticed Sonja
 13095 | Lair:2   | 13095 ||| INVOKING Finesse.
 13120 | Lair:2   | Killed Sonja
 13121 | Lair:2   | Reached skill level 15 in Axes
 13232 | Lair:2   | 13232 ||| INVOKING Heroism.
 13349 | Lair:2   | Noticed a death yak
 13349 | Lair:2   | Noticed a death yak
 13350 | Lair:2   | 13350 ||| Stepping ~*~*~tactically~*~*~ (stealth).
 13351 | Lair:2   | Noticed a death yak
 13352 | Lair:2   | 13352 ||| Stepping ~*~*~tactically~*~*~ (stealth).
 13354 | Lair:2   | 13354 ||| INVOKING Heroism.
 13355 | Lair:2   | 13355 ||| INVOKING Finesse.
 13362 | Lair:2   | Killed a death yak
 13377 | Lair:2   | Killed a death yak
 13381 | Lair:2   | Killed a death yak
 13981 | Lair:3   | Noticed a four-headed hydra
 13982 | Lair:3   | 13982 ||| INVOKING Heroism.
 13983 | Lair:3   | 13983 ||| INVOKING Finesse.
 13990 | Lair:3   | 13990 ||| SWAPPING to +0 morningstar.
 13998 | Lair:3   | Killed a four-headed hydra
 13999 | Lair:3   | 13999 ||| SWAPPING to +1 broad axe.
 14015 | Lair:3   | Reached XP level 13. HP: 73/78 MP: 15/21
 14169 | Lair:3   | Found a staircase to the Swamp.
 14250 | Lair:3   | Found a staircase to the Snake Pit.
 14333 | Lair:3   | 14333 ||| INVOKING Heroism.
 14334 | Lair:3   | 14334 ||| INVOKING Finesse.
 14335 | Lair:3   | 14335 ||| SWAPPING to +0 morningstar.
 14347 | Lair:3   | Reached skill level 16 in Axes
 14347 | Lair:3   | 14347 ||| SWAPPING to +1 broad axe.
 14454 | Lair:3   | 14454 ||| INVOKING Heroism.
 14616 | Lair:3   | 14616 ||| Stepping ~*~*~tactically~*~*~ (stealth).
 14617 | Lair:3   | 14617 ||| Stepping ~*~*~tactically~*~*~ (stealth).
 14619 | Lair:3   | 14619 ||| INVOKING Heroism.
 14917 | Lair:4   | 14917 ||| INVOKING Heroism.
 14918 | Lair:4   | 14918 ||| INVOKING Finesse.
 14919 | Lair:4   | Identified the +5 pair of gloves of Lies {Harm rC- MP+9
                  | Int+3} (Okawaru gifted it to you on level 4 of the Lair of
                  | Beasts)
 14919 | Lair:4   | Received a gift from Okawaru
 14924 | Lair:4   | 14924 ||| SWAPPING to +0 morningstar.
 14934 | Lair:4   | 14934 ||| SWAPPING to +1 broad axe.
 14949 | Lair:4   | Noticed Rupert
 14957 | Lair:4   | 14957 ||| SWAPPING to +0 morningstar.
 14961 | Lair:4   | 14961 ||| Stepping ~*~*~tactically~*~*~ (outnumbered).
 14962 | Lair:4   | 14962 ||| Stepping ~*~*~tactically~*~*~ (outnumbered).
 14964 | Lair:4   | Reached skill level 9 in Armour
 14964 | Lair:4   | 14964 ||| SWAPPING to +1 broad axe.
 14987 | Lair:4   | Killed Rupert
 14989 | Lair:4   | 14989 ||| Stepping ~*~*~tactically~*~*~ (stealth).
 15611 | Lair:4   | 15611 ||| UPGRADING to +6 ring of dexterity.
 15613 | Lair:4   | 15613 ||| READING 12 scrolls of identify.
 15613 | Lair:4   | 15613 ||| IDENTIFYING coppery potion
 15614 | Lair:4   | 15614 ||| DROPPING potion of brilliance.
 15625 | Lair:5   | Entered Level 5 of the Lair of Beasts
 15626 | Lair:5   | 15626 ||| INVOKING Heroism.
 15627 | Lair:5   | 15627 ||| STAIRDANCE
 15697 | Lair:5   | 15697 ||| STAIRDANCE
 15699 | Lair:4   | 15699 ||| INVOKING Heroism.
 15700 | Lair:4   | 15700 ||| INVOKING Finesse.
 15823 | Lair:5   | Reached skill level 6 in Dodging
 15913 | Lair:5   | Identified the +5 sling of Brutal Revenge {vorpal, rCorr
                  | Str+2 Int-4 Dex+3}
 15941 | Lair:5   | 15941 ||| INVOKING Heroism.
 15942 | Lair:5   | 15942 ||| Stepping ~*~*~tactically~*~*~ (stealth).
 15964 | Lair:5   | Reached skill level 17 in Axes
 16174 | Lair:5   | 16174 ||| Stepping ~*~*~tactically~*~*~ (stealth).
 16180 | Lair:5   | 16180 ||| INVOKING Heroism.
 16263 | Lair:5   | 16263 ||| Stepping ~*~*~tactically~*~*~ (hiding).
 16290 | Lair:5   | 16290 ||| Stepping ~*~*~tactically~*~*~ (stealth).
 16334 | Lair:5   | 16334 ||| Stepping ~*~*~tactically~*~*~ (stealth).
 16336 | Lair:5   | 16336 ||| Stepping ~*~*~tactically~*~*~ (stealth).
 16339 | Lair:5   | 16339 ||| INVOKING Heroism.
 16353 | Lair:5   | 16353 ||| Stepping ~*~*~tactically~*~*~ (stealth).
 16358 | Lair:5   | 16358 ||| Stepping ~*~*~tactically~*~*~ (stealth).
 16362 | Lair:5   | 16362 ||| INVOKING Heroism.
 16367 | Lair:5   | 16367 ||| Stepping ~*~*~tactically~*~*~ (stealth).
 16383 | Lair:5   | Reached skill level 9 in Fighting
 16436 | Lair:5   | 16436 ||| INVOKING Heroism.
 16477 | Lair:5   | 16477 ||| Stepping ~*~*~tactically~*~*~ (stealth).
 16493 | Lair:5   | 16493 ||| Stepping ~*~*~tactically~*~*~ (stealth).
 16494 | Lair:5   | 16494 ||| INVOKING Heroism.
 16502 | Lair:5   | Identified the +5 broad axe of the Ten Ziggurats {spect,
                  | *Rage rC+ Str+3 SInv} (Okawaru gifted it to you on level 5
                  | of the Lair of Beasts)
 16502 | Lair:5   | Received a gift from Okawaru
 16503 | Lair:5   | Reached XP level 14. HP: 86/86 MP: 20/22
 16520 | Lair:5   | 16520 ||| Stepping ~*~*~tactically~*~*~ (hiding).
 16521 | Lair:5   | 16521 ||| Stepping ~*~*~tactically~*~*~ (hiding).
 16522 | Lair:5   | 16522 ||| Stepping ~*~*~tactically~*~*~ (hiding).
 16523 | Lair:5   | 16523 ||| Stepping ~*~*~tactically~*~*~ (hiding).
 16541 | Lair:5   | 16541 ||| INVOKING Heroism.
 16619 | Lair:5   | 16619 ||| DROPPING +5 broad axe of the Ten Ziggurats
                  | {spect, *Rage rC+ Str+3 SInv}.
 16633 | Lair:5   | 16633 ||| INVOKING Heroism.
 16675 | Lair:5   | 16675 ||| FLEEEEING.
 16720 | Lair:5   | 16720 ||| Stepping ~*~*~tactically~*~*~ (hiding).
 16724 | Lair:5   | 16724 ||| Stepping ~*~*~tactically~*~*~ (hiding).
 16727 | Lair:5   | 16727 ||| INVOKING Heroism.
 16728 | Lair:5   | 16728 ||| INVOKING Finesse.
 16802 | Lair:5   | 16802 ||| Stepping ~*~*~tactically~*~*~ (stealth).
 16837 | Lair:5   | 16837 ||| Stepping ~*~*~tactically~*~*~ (stealth).
 16850 | Lair:5   | 16850 ||| Stepping ~*~*~tactically~*~*~ (stealth).
 16852 | Lair:5   | 16852 ||| Stepping ~*~*~tactically~*~*~ (hiding).
 16876 | Lair:5   | Reached skill level 18 in Axes
 16931 | Lair:5   | 16931 ||| READING scroll of enchant weapon.
 16931 | Lair:5   | 16931 ||| ENCHANTING +1 broad axe.
 16942 | Lair:5   | 16942 ||| READING scroll of enchant weapon.
 16942 | Lair:5   | 16942 ||| ENCHANTING +2 broad axe.
 16964 | Lair:5   | 16964 ||| Stepping ~*~*~tactically~*~*~ (stealth).
 16995 | Lair:5   | 16995 ||| Stepping ~*~*~tactically~*~*~ (hiding).
 16997 | Lair:5   | 16997 ||| INVOKING Heroism.
 17017 | Lair:5   | 17017 ||| Stepping ~*~*~tactically~*~*~ (stealth).
 17027 | Lair:5   | 17027 ||| Stepping ~*~*~tactically~*~*~ (stealth).
 17037 | Lair:5   | 17037 ||| Stepping ~*~*~tactically~*~*~ (hiding).
 17214 | Lair:5   | 17214 ||| INVOKING Heroism.
 17215 | Lair:5   | 17215 ||| INVOKING Finesse.
 17216 | Lair:5   | 17216 ||| SWAPPING to +0 morningstar.
 17224 | Lair:5   | Reached skill level 6 in Shields
 17224 | Lair:5   | 17224 ||| SWAPPING to +3 broad axe.
 17265 | Lair:5   | 17265 ||| Stepping ~*~*~tactically~*~*~ (stealth).
 17267 | Lair:5   | 17267 ||| Stepping ~*~*~tactically~*~*~ (stealth).
 17268 | Lair:5   | 17268 ||| INVOKING Heroism.
 17269 | Lair:5   | 17269 ||| SWAPPING to +0 morningstar.
 17275 | Lair:5   | 17275 ||| INVOKING Finesse.
 17279 | Lair:5   | 17279 ||| SWAPPING to +3 broad axe.
 17499 | Lair:5   | 17499 ||| INVOKING Heroism.
 17528 | Lair:5   | Found a runed translucent door.
 17529 | Lair:5   | Noticed an azure jelly
 17530 | Lair:5   | Noticed an azure jelly
 17531 | Lair:5   | Found a staircase to the Slime Pits.
 17694 | Lair:5   | 17694 ||| Stepping ~*~*~tactically~*~*~ (stealth).
 17703 | Lair:5   | 17703 ||| Stepping ~*~*~tactically~*~*~ (hiding).
 17711 | Lair:5   | 17711 ||| Stepping ~*~*~tactically~*~*~ (hiding).
 17720 | Lair:5   | 17720 ||| Stepping ~*~*~tactically~*~*~ (stealth).
 17721 | Lair:5   | 17721 ||| Stepping ~*~*~tactically~*~*~ (stealth).
 17736 | Lair:5   | 17736 ||| Stepping ~*~*~tactically~*~*~ (hiding).
 17940 | Lair:5   | 17940 ||| INVOKING Heroism.
 17941 | Lair:5   | 17941 ||| INVOKING Finesse.
 17942 | Lair:5   | 17942 ||| Stepping ~*~*~tactically~*~*~ (hiding).
 18349 | Lair:5   | 18349 ||| PLANNING D:1-11
 18349 | Lair:5   | 18349 ||| READING 11 scrolls of identify.
 18349 | Lair:5   | 18349 ||| IDENTIFYING purple potion
 18350 | Lair:5   | 18350 ||| READING 10 scrolls of identify.
 18350 | Lair:5   | 18350 ||| IDENTIFYING bubbling green potion
 18351 | Lair:5   | 18351 ||| DROPPING potion of berserk rage.
 18538 | D:11     | Received a gift from Okawaru
 18611 | D:11     | You are sucked into a shaft and drop 1 floor!
 18643 | D:12     | Reached skill level 3 in Throwing
 18685 | D:12     | 18685 ||| INVOKING Heroism.
 18861 | D:12     | 18861 ||| UPGRADING to +1 pair of gloves of strength.
 18871 | D:12     | 18871 ||| DROPPING +2 pair of gloves.
 18872 | D:12     | 18872 ||| READING 2 scrolls of enchant armour.
 18872 | D:12     | 18872 ||| ENCHANTING +1 pair of gloves of strength.
 18938 | D:11     | 18938 ||| INVOKING Heroism.
 18939 | D:11     | 18939 ||| SWAPPING to +0 morningstar.
 18940 | D:11     | 18940 ||| INVOKING Finesse.
 18950 | D:11     | 18950 ||| SWAPPING to +3 broad axe.
 19399 | D:11     | 19399 ||| PLANNING D
 19399 | D:11     | 19399 ||| READING 9 scrolls of identify.
 19399 | D:11     | 19399 ||| IDENTIFYING yellow potion
 19547 | D:12     | 19547 ||| Stepping ~*~*~tactically~*~*~ (hiding).
 19665 | D:12     | 19665 ||| FLEEEEING.
 19666 | D:12     | 19666 ||| FLEEEEING.
 19667 | D:12     | 19667 ||| FLEEEEING.
 19668 | D:12     | 19668 ||| FLEEEEING.
 19669 | D:12     | 19669 ||| FLEEEEING.
 19672 | D:12     | 19672 ||| INVOKING Heroism.
 19683 | D:12     | 19683 ||| INVOKING Finesse.
 19710 | D:12     | 19710 ||| INVOKING Heroism.
 19734 | D:12     | HP: 21/86 [skeletal warrior/+0 hand axe (9)]
 19735 | D:12     | 19735 ||| READING 2 scrolls of teleportation.
 20390 | D:13     | 20390 ||| INVOKING Heroism.
 20391 | D:13     | 20391 ||| INVOKING Finesse.
 20489 | D:13     | 20489 ||| INVOKING Heroism.
 20490 | D:13     | 20490 ||| INVOKING Finesse.
 20646 | D:13     | 20646 ||| INVOKING Heroism.
 20647 | D:13     | 20647 ||| INVOKING Finesse.
 20690 | D:13     | 20690 ||| INVOKING Heroism.
 20691 | D:13     | 20691 ||| SWAPPING to +0 morningstar.
 20698 | D:13     | 20698 ||| SWAPPING to +3 broad axe.
 20749 | D:13     | 20749 ||| FLEEEEING.
 20750 | D:13     | 20750 ||| FLEEEEING.
 20751 | D:13     | 20751 ||| FLEEEEING.
 20772 | D:13     | 20772 ||| INVOKING Heroism.
 20776 | D:13     | Reached XP level 15. HP: 63/92 MP: 20/23
 20914 | D:13     | 20914 ||| FLEEEEING.
 20916 | D:13     | 20916 ||| Stepping ~*~*~tactically~*~*~ (hiding).
 20918 | D:13     | 20918 ||| Stepping ~*~*~tactically~*~*~ (hiding).
 20924 | D:13     | 20924 ||| INVOKING Heroism.
 20925 | D:13     | 20925 ||| SWAPPING to +0 morningstar.
 20927 | D:13     | 20927 ||| SWAPPING to +3 broad axe.
 20928 | D:13     | 20928 ||| SWAPPING to +0 morningstar.
 20930 | D:13     | 20930 ||| Stepping ~*~*~tactically~*~*~ (outnumbered).
 20931 | D:13     | 20931 ||| SWAPPING to +3 broad axe.
 20933 | D:13     | 20933 ||| SWAPPING to +0 morningstar.
 20935 | D:13     | 20935 ||| SWAPPING to +3 broad axe.
 20936 | D:13     | 20936 ||| SWAPPING to +0 morningstar.
 20938 | D:13     | 20938 ||| SWAPPING to +3 broad axe.
 20940 | D:13     | 20940 ||| SWAPPING to +0 morningstar.
 20941 | D:13     | 20941 ||| SWAPPING to +3 broad axe.
 20943 | D:13     | 20943 ||| SWAPPING to +0 morningstar.
 20945 | D:13     | 20945 ||| SWAPPING to +3 broad axe.
 20946 | D:13     | 20946 ||| SWAPPING to +0 morningstar.
 20948 | D:13     | 20948 ||| SWAPPING to +3 broad axe.
 20950 | D:13     | 20950 ||| SWAPPING to +0 morningstar.
 20951 | D:13     | 20951 ||| SWAPPING to +3 broad axe.
 20953 | D:13     | 20953 ||| SWAPPING to +0 morningstar.
 20955 | D:13     | 20955 ||| SWAPPING to +3 broad axe.
 20956 | D:13     | 20956 ||| SWAPPING to +0 morningstar.
 20958 | D:13     | 20958 ||| SWAPPING to +3 broad axe.
 20960 | D:13     | 20960 ||| SWAPPING to +0 morningstar.
 20961 | D:13     | 20961 ||| INVOKING Finesse.
 20967 | D:13     | Reached skill level 9 in Dodging
 20967 | D:13     | 20967 ||| SWAPPING to +3 broad axe.
 20969 | D:13     | 20969 ||| INVOKING Heroism.
 20969 | D:13     | HP: 7/92 [vault guard/+0 halberd (19)]
 20970 | D:13     | 20970 ||| READING scroll of teleportation.
 21014 | D:13     | 21014 ||| INVOKING Heroism.
 21015 | D:13     | HP: 13/92 [purple ugly thing (3)]
 21123 | D:13     | 21123 ||| INVOKING Heroism.
 21131 | D:13     | HP: 16/92 [orc knight/+0 battleaxe (19)]
 21140 | D:13     | HP: 10/92 [orc knight/+0 battleaxe (7)]
 21146 | D:13     | Slain by a vault guard

Levels and vault maps discovered:
D:1:      tarquinn_simple_flora_water_e, layout_loops_ring
D:2:      layout_loops_ring, hangedman_decor_clover_reticule, uniq_sigmund
D:3:      minmay_evil_eye, layout_loops_ring, nzn_wu_jian_contemplation,
          ebering_ecumenical_altar_hall, minmay_goblin_kobold_house
D:4:      layout_cave_pools, lightli_temple_of_fire, st_stairs_14,
          kennysheep_cluttered_room, minmay_misc_feat_rows
D:5:      layout_cave_pools, zin_angel, dk_yredelemnul_ordeal,
          lemuel_doored_altar, mainiacjoe_overflow_brackets, serial_shops,
          nicolae_shop_hallway_stairs, nrook_loot_triangle,
          chequers_serial_rivers_micro_a
D:6:      layout_loops_corners, kennysheep_mini_moat, minmay_temple_entry_tees,
          uniq_eustachio
D:7:      layout_gridville, overflow_temple_1_default,
          mainiacjoe_overflow_boulevard, lemuel_coloured_pillars_altar,
          serial_shops, shop, minivault_14
D:8:      layout_loops_ring, led_xom_imps, gammafunk_temple_overflow_arena,
          mainiacjoe_overflow_small_starburst, serial_shops, shop, uniq_joseph
D:9:      layout_rooms, tso_altar, uniq_pikel
D:10:     layout_gridville, lemuel_crystal_altar, nzn_hepliaklqana_mist_gate,
          orc_0_dummy, serial_bayou_lake_a
D:11:     layout_irregular_city, erik_lair_orcish_takeover,
          gauntlet_entry_generic
D:12:     layout_cave_pools
D:13:     minmay_distorted_concentric_squares, layout_basic, erik_vaults_2,
          ebering_ghost_reflecting_pool
Temple:   nicolae_temple_two_arcs
Lair:1:   layout_long_grid, pond, grunt_megastairs_5, uniq_harold
Lair:2:   layout_long_grid, grunt_megastairs_4, uniq_sonja
Lair:3:   layout_gridlike, skrybe_swamp_entry_bodies,
          minmay_snake_entry_guardpost_small, st_stairs_4, serial_bayou_shore_b
Lair:4:   layout_hall_layers, uniq_rupert
Lair:5:   guppyfry_lair_end_dragon, layout_cave_pods,
          hangedman_lair_caniforms_friends, slime_entry_2,
          nicolae_quartered_pool_little

Skill      XL: |  1  2  3  4  5  6  7  8  9 10 11 12 13 14 15 |
---------------+----------------------------------------------+-----
Axes           | 3 6 7 8 10 12 13 14 15 17 18 | 18.0
Armour         | 2 3 4 5 6 7 8 9 10 | 10.0
Fighting       | 3 4 5 6 7 8 9 10 | 10.0
Invocations    | 4 5 8 10 | 10.0
Dodging        | 3 4 6 8 9 |  9.1
Shields        | 4 5 6 |  6.7
Throwing       | 2 5 |  5.9
Spellcasting   | |  2.0
Translocations | |  2.4

Action                   |  1- 3 |  4- 6 |  7- 9 | 10-12 | 13-15 || total
-------------------------+-------+-------+-------+-------+-------++-------
Melee: Hand axe          |    14 |       |       |       |       ||    14
       Kick              |     7 |    18 |    74 |   209 |   363 ||   671
       Peck              |     5 |     7 |    47 |   123 |   215 ||   397
       War axe           |    16 |    77 |   266 |   136 |       ||   495
       Punch             |       |       |     2 |     2 |       ||     4
       Broad axe         |       |       |       |   476 |   759 ||  1235
       Morningstar       |       |       |       |     8 |    58 ||    66
Throw: Boomerang         |     7 |       |       |    18 |   106 ||   131
       Javelin           |       |       |       |       |    25 ||    25
Invok: Heroism           |       |       |     7 |    34 |    33 ||    74
       Finesse           |       |       |       |     3 |    13 ||    16
  Use: Scroll            |     1 |     9 |     8 |     5 |     9 ||    32
       Potion            |     1 |     3 |     3 |     3 |       ||    10
 Stab: Held in net/web   |       |       |       |     1 |       ||     1
Armor: Leather armour    |     1 |       |       |       |       ||     1
       Chain mail        |    13 |    14 |       |       |       ||    27
       Plate armour      |       |    22 |   261 |   328 |   328 ||   939
Dodge: Dodged            |    10 |    13 |    68 |   151 |   245 ||   487
Block: Other             |       |       |    26 |     3 |       ||    29
       Reflection        |       |       |     5 |    10 |     8 ||    23
       Buckler           |       |       |       |   293 |   396 ||   689

Table legend:
 A = Non-vault XP
 B = Vault XP
 C = Vault XP percentage of total XP
 D = Non-vault monster count
 E = Vault monster count
 F = Vault count percentage of total count
                 A         B        C        D         E       F
            +---------+---------+-------+---------+---------+-------
      Total |   61895 |   30861 |  33.3 |     353 |     127 |  26.5
            +---------+---------+-------+---------+---------+-------
        D:1 |      13 |       0 |   0.0 |       7 |       0 |   0.0
        D:2 |      28 |     226 |  89.0 |      10 |       1 |   9.1
        D:3 |      48 |      31 |  39.2 |      15 |      11 |  42.3
        D:4 |     515 |      13 |   2.5 |      23 |       1 |   4.2
        D:5 |     526 |       2 |   0.4 |      11 |       2 |  15.4
        D:6 |     505 |     202 |  28.6 |       9 |       1 |  10.0
        D:7 |    1982 |       0 |   0.0 |      32 |       0 |   0.0
        D:8 |    1043 |     634 |  37.8 |      17 |       5 |  22.7
        D:9 |    2990 |     641 |  17.7 |      24 |       1 |   4.0
       D:10 |    2991 |       0 |   0.0 |      31 |       0 |   0.0
       D:11 |    1962 |     654 |  25.0 |      12 |      10 |  45.5
       D:12 |    9506 |       0 |   0.0 |      22 |       0 |   0.0
       D:13 |    4997 |    6336 |  55.9 |      13 |       9 |  40.9
     Lair:1 |    5607 |    1609 |  22.3 |      30 |       5 |  14.3
     Lair:2 |    6553 |    2041 |  23.7 |      21 |       7 |  25.0
     Lair:3 |    5999 |    2683 |  30.9 |      26 |       6 |  18.8
     Lair:4 |    7209 |    1896 |  20.8 |      18 |       1 |   5.3
     Lair:5 |    9421 |   13893 |  59.6 |      32 |      67 |  67.7
            +---------+---------+-------+---------+---------+-------
